 Dungeon Crawl Stone Soup version 0.32-a0-791-gfc315c9ecd (webtiles) character file.

Game seed: 13149042361396676792

9 Esekla the Sneak (level 2, 0/21 HPs)
             Began as an Octopode Delver on Mar 20, 2024.
             Killed by divine providence
             ... invoked by an orc priest
              (10 damage)
             ... on level 5 of the Dungeon.
             The game lasted 00:01:27 (137 turns).

Esekla the Sneak (Octopode Delver)                   Turns: 137, Time: 00:01:27

Health: 0/21       AC:  1    Str: 11    XL:     2   Next: 12%
Magic:  6/11       EV: 12    Int: 12    God:
Gold:   10         SH:  0    Dex: 13    Spells: 1/1 levels left

rFire   . . .        a - +0 falchion
rCold   . . .        (no shield)
rNeg    . . .        (helmet restricted)
rPois   .            (no amulet)
rElec   .            c - ring of magical power
rCorr   .            (no ring)
SInv    .            (no ring)
Will    .....        (no ring)
Stlth   ++++         (no ring)
HPRegen 0.23/turn    (no ring)
MPRegen 0.12/turn    (no ring)
                     (no ring)

%: no passive effects
@: hasted, very quick
A: almost no armour, amphibious, 8 rings, camouflage 1, gelatinous body 1,
(nimble swimmer 1), tentacles
a: Convert to Beogh


You were on level 5 of the Dungeon.
You visited 1 branch of the dungeon, and saw 1 of its levels.

You collected 10 gold pieces.

Inventory:

Hand Weapons
 a - a +0 falchion (weapon)
Jewellery
 c - a ring of magical power (left tentacle)
 e - an amulet of magic regeneration
Wands
 f - a wand of digging (6)
Scrolls
 b - a scroll of fog
 d - a scroll of fear
 g - a scroll of identify {unknown}


   Skills:
 * Level 3.1 Fighting
 + Level 2.0 Long Blades
 * Level 2.0 Dodging
 + Level 7.1 Stealth


You had one spell level left.
You didn't know any spells.
Your spell library was empty.

Dungeon Overview and Level Annotations

Branches:
Dungeon (5/15)
 Temple: D:4-7

Altars:


Innate Abilities, Weirdness & Mutations

You cannot wear most types of armour.
You are amphibious.
You can wear up to eight rings at the same time.
Your skin changes colour to match your surroundings (Stealth+).
Your rubbery body absorbs attacks. (AC +1, EV +1)
((You are camouflaged when in or above water. (Stealth+)))
You have tentacles for arms and can constrict up to eight enemies at once.


Message History

You start resting.
HP restored.
As you read the scroll of revelation, it crumbles to dust.
You feel aware of your surroundings.
You sensed 1 shop/portal.
Unknown command.
Found a ruby ring.
Found a scroll labelled ALUCOM FUYB.
A howler monkey comes into view.
Found 5 stones and 12 gold pieces.
c - a ring of magical power You feel your magic capacity increase.
c - a ring of magical power (left tentacle)
You have 10 gold pieces.
Unknown command.
Found a scroll labelled TYUTRY HUGOUCA.
g - a scroll labelled TYUTRY HUGOUCA
Found a wand of digging (3).
Found an escape hatch in the ceiling.
f - a wand of digging (6) (gained 3 charges)
An orc comes into view. It is wielding a +0 flail.
A phantom comes into view.
The orc shouts!
An orc comes into view. It is wielding a +0 club.
An orc wizard comes into view. It is wielding a +0 dagger.
An orc priest comes into view. It is wielding a +0 short sword.
You feel yourself speed up.
The orc wizard shouts!
Found a dented emerald amulet.
The orc attacks as it pursues you! The orc closely misses you.
The phantom barely misses you.
A black bear comes into view.
The orc priest invokes the aid of Beogh against you.
Beogh smites you!
Ouch! That really hurt!
The orc priest threatens, "Beogh's wrath is as vast as their mercy.
Make your choice!" (press Y on the ability menu to convert to Beogh)
You see here an amulet of magic regeneration.
e - an amulet of magic regeneration The orc priest mumbles some strange prayers to Beogh against you.
Beogh smites you!
You die...

*,,,,,,,,,*** ***,,***
**,,*,∩,*...####..***
*****,,,,,,,........#### *
**,,,,,,,,*,,,.....#....### ***
*,,,,,,,,,,,,,,..#........## *,,
*,,,,,,,,,,,,,,#..........h#*
**,
,,,,,,,,,,,,,,*#............* *,
,,,,,,,,,**,***#............**
*,
,,,,,,,,,*,,,**#@...........,*
*,
,,,,,,,,,*,,,,*##............#
**
,,,,,,,,**,*,o#*#............#*
*
,,,,,,,,*,,**..##Woo..........*
*
,,,,,,,,*,***#oo##o...........#*
,,,,,,,*,,* *#..#.............*
,,,,,,,*,** *#..#............*
,,,,,,*,** ##..............*
,,,,,,*,* ##.............**


You could see a phantom, an orc priest, an orc wizard and an orc.

Vanquished Creatures
  An adder (D:5)
1 creature vanquished.

Notes
Turn   | Place    | Note
-------+----------+-------------------------------------------
     0 | D:5      | Esekla the Octopode Delver began the quest for the Orb.
     0 | D:5      | Reached XP level 1. HP: 16/16 MP: 1/1
    41 | D:5      | Reached skill level 7 in Stealth
    41 | D:5      | Reached XP level 2. HP: 13/21 MP: 2/2
    92 | D:5      | Noticed a howler monkey
   122 | D:5      | Noticed a phantom
   131 | D:5      | Noticed a black bear
   137 | D:5      | Killed from afar by an orc priest

Illustrated notes

Levels and vault maps discovered:
D:5:      layout_cave_pods, serial_shops, nicolae_shop_stone

Skill      XL: |  1 |
---------------+----+-----
Stealth        | 7 |  7.1
Fighting       | |  3.1
Long Blades    | |  2.0
Dodging        | |  2.0

Action                     || total
---------------------------++-------
  Melee: Falchion          ||     4
         Constrict         ||     1
    Use: Scroll            ||     1
         Potion            ||     1
 Armour: Skin              ||     2
  Dodge: Dodged            ||     4

Table legend: (Time is in decaauts)
 A = Elapsed time spent in this place.
 B = Non-inter-level travel time spent in this place.
 C = Inter-level travel time spent in this place.
 D = Time resting spent in this place.
 E = Time spent auto-exploring this place.
 F = Levels seen in this place.
 G = Mean time per level.
                   A        B        C        D        E       F      G
               +--------+--------+--------+--------+--------+-----+--------+
         Total |    134 |    134 |      0 |     42 |      0 |   1 |  134.0 |
       Dungeon |    134 |    134 |      0 |     42 |      0 |   1 |  134.0 |
               +--------+--------+--------+--------+--------+-----+--------+

Top non-repeatable levels by time:
     D:5: 134 daAuts
